Map: Divergencia EE

Players

Cøster - Winner!

  • Race: Protoss Protoss
  • League: Silver
  • Spawn Location: 11:00

Tuma - Winner!

  • Race: Terran Terran
  • League: Diamond
  • Spawn Location: 11:00

MrFercho

  • Race: Zerg Zerg
  • League: Silver
  • Spawn Location: 5:00

tigro

  • Race: Terran Terran
  • League: Bronze
  • Spawn Location: 5:00

VOD

Have the link to the VOD?

Description

Time

  • Played on: May 27, 2020, 11:04 p.m.
  • Length: 13:34
Show
View Real Time Build Order
Export as new Build Order

Cøster Protoss - Winner!

Build Orders: Dark Templar Rush 

Get SALT Encoding   

  12  0:01  Probe  
  13  0:13  Probe  
  14  0:24  Pylon  
  14  0:26  Probe  
  15  0:42  Probe (Chrono Boost)  
  16  0:49  Assimilator  
  16  0:50  Gateway  
  16  0:51  Probe (Chrono Boost)  
  17  0:58  Probe  
  18  1:12  Probe  
  19  1:24  Probe  
  20  1:42  Probe  
  20  1:45  Cybernetics Core  
  21  1:52  Assimilator  
  21  1:53  Pylon  
  21  1:54  Probe (Chrono Boost)  
  21  1:59  Nexus  
  22  2:11  Zealot (Chrono Boost)  
  24  2:15  Pylon  
  24  2:16  Probe (Chrono Boost)  
  25  2:22  Warp Gate  
  25  2:29  Pylon  
  25  2:42  Twilight Council  
  25  2:48  Probe  
  26  3:00  Probe  
  26  3:01  Robotics Facility  
  27  3:12  Probe  
  28  3:14  Probe  
  29  3:26  Dark Shrine  
  29  3:30  Probe  
  30  3:37  Gateway  
  30  3:39  Probe (Chrono Boost)  
  30  3:40  Gateway  
  32  3:50  Shield Battery, Probe (Chrono Boost)  
  32  3:53  Probe (Chrono Boost)  
  33  3:57  Assimilator  
  33  3:59  Probe (Chrono Boost)  
  34  4:06  Warp Prism (Chrono Boost)  
  36  4:11  Probe  
  36  4:13  Probe  
  39  4:25  Probe (Chrono Boost)  
  39  4:27  Probe (Chrono Boost)  
  39  4:30  Charge (Chrono Boost)  
  40  4:35  Probe (Chrono Boost)  
  40  4:38  Assimilator, Probe (Chrono Boost)  
  42  4:39  Pylon  
  42  4:40  Probe (Chrono Boost)  
  43  4:47  Probe  
  44  4:53  Gateway  
  44  4:54  Probe  
  43  5:04  Warp Prism  
  45  5:09  Dark Templar x2  
  45  5:12  Probe x2  
  51  5:24  Probe x2  
  53  5:34  Nexus  
  53  5:36  Probe  
  53  5:37  Probe  
  53  5:54  Stalker x2  
  53  5:55  Stalker x2  
  59  5:57  Probe  
  59  6:02  Probe  
  59  6:03  Shield Battery, Blink  
  61  6:11  Probe (Chrono Boost)  
  60  6:14  Warp Prism  
  63  6:22  Probe (Chrono Boost)  
  64  6:25  Probe (Chrono Boost)  
  64  6:31  Probe (Chrono Boost)  
  64  6:32  Stalker x2, Pylon  
  67  6:36  Probe  
  70  6:44  Forge  
  70  6:46  Probe  
  71  6:47  Forge  
  71  6:53  Shield Battery  
  71  6:57  Probe x2  
  73  7:02  Stalker x3  
  79  7:11  Stalker  
  79  7:13  Probe  
  79  7:14  Probe x2  
  84  7:22  Photon Cannon  
  84  7:27  Probe (Chrono Boost)  
  84  7:28  Probe (Chrono Boost)  
  84  7:29  Probe (Chrono Boost)  
  87  7:30  Stalker  
  87  7:31  Stalker x2  
  93  7:39  Assimilator  
  93  7:40  Shield Battery  
  93  7:42  Photon Cannon  
  93  7:43  Assimilator  
  93  7:52  Protoss Ground Weapons Level 1 (Chrono Boost)  
  93  7:53  Protoss Ground Armor Level 1 (Chrono Boost)  
  93  7:54  Pylon  
  93  7:56  Pylon  
  93  8:04  Shadow Stride  
  93  8:12  Probe x3  
  96  8:20  Gateway x2  
  96  8:21  Dark Templar  
  96  8:22  Gateway, Dark Templar  
  96  8:23  Pylon  
  96  8:24  Probe  
  96  8:25  Stalker  
  96  8:26  Stalker  
  105  8:30  Probe  
  104  8:55  Dark Templar x3  
  104  9:01  Probe  
  97  9:02  Stalker  
  97  9:13  Probe  
  98  9:17  Stalker x3  
  98  9:21  Probe  
  98  9:22  Probe  
  106  9:27  Probe  
  107  9:32  Stalker  
  107  9:33  Stalker x2  
  113  9:46  Stalker x3  
  111  9:53  Probe x2  
  107  10:01  Pylon  
  107  10:03  Pylon  
  101  10:12  Probe  
  100  10:17  Protoss Ground Weapons Level 2 (Chrono Boost)  
  100  10:18  Stalker x3  
  100  10:19  Stalker x4  
  110  10:22  Probe  
  110  10:27  Protoss Ground Armor Level 2 (Chrono Boost)  
  111  10:35  Warp Prism  
  113  10:51  Probe  
  113  10:54  Stalker x2  
  113  10:55  Stalker x5  
  128  10:59  Probe  
  128  11:03  Templar Archives  
  129  11:04  Nexus  
  129  11:05  Pylon  
  129  11:06  Gateway, Assimilator, Pylon  
  129  11:07  Gateway, Assimilator  
  129  11:09  Pylon, Shield Battery  
  129  11:10  Gateway, Pylon  
  129  11:11  Probe  
  129  11:12  Shield Battery  
  129  11:13  Shield Battery  
  129  11:17  Probe  
  131  11:20  Probe  
  131  11:24  Probe  
  133  11:33  Pylon  
  133  11:35  Pylon  
  133  11:38  Zealot x5  
  133  11:39  Zealot x2  
  147  11:42  Probe  
  147  11:46  Pylon  
  148  11:47  Pylon  
  148  11:50  Shield Battery  
  148  11:51  Shield Battery  
  148  11:53  Gateway  
  148  11:56  Shield Battery, Probe  
  148  12:00  High Templar  
  148  12:01  High Templar x6  
  157  12:02  High Templar x2  
  164  12:30  Pylon  
  164  12:33  Pylon  
  164  12:37  Shield Battery  
  164  12:38  Photon Cannon  
  164  12:39  Photon Cannon  
  164  12:42  Photon Cannon  
  164  12:57  Stalker x2  
  164  12:58  Stalker  
  170  13:21  High Templar x3  
  170  13:22  High Templar x4  
  170  13:23  High Templar x3  
  190  13:29  Archon x3  
  190  13:30  Archon  
  190  13:31  Archon  
Show
View Real Time Build Order
Export as new Build Order

Tuma Terran - Winner!

Build Orders: Mech 

Get SALT Encoding   

  12  0:01  SCV  
  13  0:18  Supply Depot, SCV  
  14  0:30  SCV  
  15  0:42  Barracks, SCV  
  16  0:50  Refinery  
  16  0:54  SCV  
  17  1:06  SCV  
  18  1:16  Refinery  
  18  1:18  SCV  
  19  1:29  Barracks  
  19  1:35  Marine  
  19  1:38  Orbital Command  
  20  1:53  Marine  
  21  1:55  Supply Depot  
  21  2:01  Factory  
  21  2:04  SCV  
  22  2:11  Marine  
  23  2:16  SCV  
  24  2:23  Marine  
  24  2:28  SCV  
  26  2:31  Marine  
  27  2:40  SCV  
  27  2:41  Marine  
  29  2:45  Factory Tech Lab  
  29  2:49  Marine  
  30  2:52  Supply Depot  
  30  2:53  SCV  
  31  3:13  Siege Tank  
  34  3:25  Command Center  
  34  3:39  Marine x2  
  36  3:41  Factory  
  36  3:45  SCV, Siege Tank  
  40  4:01  SCV  
  41  4:13  SCV  
  45  4:25  Factory  
  45  4:32  Factory Tech Lab  
  45  4:35  Cyclone  
  45  4:36  SCV  
  46  4:38  Orbital Command  
  46  4:48  SCV  
  46  4:51  Engineering Bay  
  47  4:54  Orbital Command  
  47  4:59  Cyclone  
  50  5:00  SCV  
  51  5:13  SCV  
  52  5:15  Cyclone  
  55  5:21  SCV  
  55  5:24  Refinery  
  55  5:25  SCV  
  57  5:30  Mag-Field Accelerator  
  57  5:31  Cyclone  
  57  5:33  SCV  
  61  5:39  SCV  
  62  5:43  Missile Turret  
  62  5:48  Refinery  
  62  5:53  Supply Depot, SCV  
  62  5:56  Supply Depot  
  63  5:58  Supply Depot, SCV  
  64  6:05  SCV  
  64  6:10  SCV  
  66  6:17  SCV  
  67  6:24  Armory  
  67  6:26  Hi-Sec Auto Tracking  
  67  6:28  Armory  
  67  6:29  SCV x2  
  69  6:36  Command Center  
  69  6:41  SCV  
  69  6:46  Missile Turret  
  70  6:48  Factory  
  70  6:53  SCV  
  71  6:58  SCV  
  72  7:05  Supply Depot, Factory Tech Lab  
  72  7:06  Missile Turret  
  72  7:12  Missile Turret  
  72  7:16  SCV  
  72  7:18  SCV  
  74  7:29  Terran Vehicle Weapons Level 1  
  74  7:30  Terran Vehicle And Ship Armor Level 1  
  74  7:35  Supply Depot, Cyclone x3  
  74  7:36  Factory Tech Lab  
  83  7:38  SCV  
  83  7:41  Supply Depot  
  83  7:42  SCV  
  85  7:45  Missile Turret  
  85  7:47  Missile Turret  
  85  7:49  Missile Turret  
  85  7:50  SCV  
  86  8:06  Cyclone  
  89  8:14  Supply Depot, Factory  
  89  8:16  SCV  
  89  8:17  Orbital Command  
  89  8:18  SCV  
  91  8:20  Refinery  
  91  8:24  Refinery  
  91  8:28  SCV  
  91  8:29  Hellion x2  
  91  8:30  Hellion  
  91  8:31  Command Center  
  91  8:33  SCV  
  99  8:40  SCV  
  100  8:48  Supply Depot  
  100  8:49  SCV  
  100  8:51  Supply Depot  
  95  9:12  Cyclone x3  
  95  9:13  Cyclone  
  106  9:27  Factory Reactor  
  105  9:44  Cyclone x2  
  111  9:50  SCV  
  112  9:54  Missile Turret, SCV  
  112  9:56  Missile Turret  
  112  9:57  Missile Turret  
  112  9:58  Missile Turret  
  113  10:02  SCV  
  113  10:06  SCV  
  115  10:07  Orbital Command  
  115  10:11  Hellion x2, Cyclone x2  
  125  10:14  Terran Vehicle And Ship Armor Level 2, Terran Vehicle Weapons Level 2  
  125  10:16  Cyclone  
  125  10:21  Supply Depot  
  128  10:23  Supply Depot  
  128  10:28  SCV  
  129  10:29  Missile Turret  
  129  10:42  Hellion x3  
  135  10:43  Cyclone  
  138  10:56  SCV  
  139  11:03  SCV  
  140  11:06  Thor x2  
  140  11:07  Thor  
  158  11:12  Missile Turret  
  158  11:13  SCV x2  
  158  11:15  Missile Turret  
  160  11:33  Factory, Factory Tech Lab  
  160  11:37  Factory, Refinery  
  160  11:38  Factory  
  160  11:39  Factory, Refinery  
  160  11:48  Command Center  
  160  11:50  SCV  
  160  11:51  SCV  
  160  11:52  SCV  
  163  11:57  SCV  
  164  12:07  Thor  
  164  12:08  Thor x3  
  182  12:13  SCV x2  
  182  12:14  SCV  
  197  13:07  Hellion x5  
Show
View Real Time Build Order
Export as new Build Order

MrFercho Zerg 

Build Orders: Pool First 

Get SALT Encoding   

  12  0:02  Drone  
  13  0:25  Spawning Pool  
  12  0:51  Hatchery  
  12  0:53  Drone  
  12  0:57  Drone  
  12  1:02  Drone  
  14  1:31  Extractor  
  13  1:35  Extractor  
  12  1:57  Drone x2  
  12  1:58  Overlord  
  14  2:11  Drone x2  
  16  2:30  Drone x3  
  19  2:40  Zergling x4  
  21  2:52  Lair  
  21  3:12  Zergling x2  
  22  3:13  Zergling x10  
  27  3:47  Overlord x3  
  27  3:48  Overlord  
  27  4:00  Queen, Spire  
  28  4:28  Hatchery  
  27  4:49  Drone x4  
  31  5:14  Mutalisk  
  31  5:15  Mutalisk x2  
  37  5:46  Spore Crawler  
  36  5:59  Mutalisk  
  36  6:00  Mutalisk x4  
  46  6:07  Drone x2  
  48  6:13  Overlord  
  48  6:25  Extractor  
  47  6:26  Extractor  
  46  6:38  Overseer  
  46  6:49  Drone x4  
  50  6:57  Overseer  
  50  7:05  Zerg Flyer Weapons Level 1  
  50  7:11  Drone, Evolution Chamber  
  50  7:12  Drone x2  
  52  7:39  Hatchery  
  51  7:52  Drone x2  
  51  7:53  Drone x2  
  51  7:56  Queen  
  57  7:58  Overlord  
  57  7:59  Overlord x2  
  57  8:04  Drone x2  
  57  8:05  Drone  
  60  8:13  Drone  
  60  8:14  Drone  
  62  8:21  Drone x2  
  62  8:23  Drone  
  51  9:17  Mutalisk x11  
  34  10:09  Mutalisk x5  
  40  10:32  Drone  
  41  10:50  Drone x3  
  41  10:55  Drone x3  
  47  11:11  Drone  
  48  11:17  Zerg Ground Armor Level 1  
  48  11:38  Drone  
  48  11:39  Drone x2  
  51  11:56  Hatchery  
  51  11:57  Hatchery  
  39  12:29  Mutalisk  
  39  12:30  Mutalisk x4  
Show
View Real Time Build Order
Export as new Build Order

tigro Terran 

Build Orders:  

Get SALT Encoding   

  12  0:02  SCV  
  13  0:14  SCV  
  13  0:21  Supply Depot  
  14  0:32  SCV  
  15  0:44  SCV  
  16  0:51  Barracks  
  16  0:56  SCV  
  17  0:58  Refinery  
  17  1:08  SCV  
  18  1:20  SCV  
  19  1:41  Marine  
  20  1:59  Marine  
  21  2:05  Refinery  
  21  2:11  Supply Depot  
  21  2:17  Marine  
  22  2:23  Barracks  
  22  2:27  SCV  
  23  2:34  Marine  
  24  2:39  SCV  
  24  2:42  Engineering Bay  
  25  2:51  SCV  
  25  2:52  Marine  
  27  3:03  SCV  
  28  3:15  SCV  
  29  3:22  Factory  
  29  3:33  Missile Turret  
  29  3:39  Orbital Command  
  29  3:46  Barracks Tech Lab  
  29  3:48  Barracks Tech Lab  
  29  3:55  Missile Turret  
  29  4:16  Missile Turret  
  29  4:20  Terran Infantry Weapons Level 1  
  29  4:23  Combat Shield  
  29  4:25  Stimpack  
  29  4:28  Factory Tech Lab  
  29  4:51  Marine  
  30  4:54  Missile Turret, Siege Tank  
  33  5:08  Marine  
  34  5:24  Command Center  
  34  5:26  Marine  
  35  5:40  Starport  
  35  5:41  Concussive Shells  
  35  5:44  Marine  
  36  6:02  Marine  
  37  6:15  Terran Infantry Armor Level 1  
  37  6:26  Missile Turret  
  37  6:32  Medivac  
  39  6:50  Refinery  
  39  6:51  SCV  
  39  6:54  Marine  
  40  6:59  Marine  
  42  7:03  SCV  
  42  7:04  Missile Turret  
  42  7:07  Siege Tank  
  46  7:11  Marine  
  46  7:15  SCV  
  48  7:17  Marine  
  48  7:20  Starport Tech Lab  
  49  7:23  Refinery  
  49  7:27  SCV  
  49  7:29  Marine  
  50  7:35  Marine  
  52  7:39  SCV  
  53  7:44  Armory  
  53  7:47  Marine  
  54  7:52  Marine  
  55  8:05  Marine  
  56  8:09  Neosteel Armor  
  56  8:10  Marine  
  57  8:23  Marine  
  58  8:28  Marine  
  58  8:33  Terran Vehicle Weapons Level 1  
  59  8:35  Fusion Core  
  59  8:41  Marine  
  60  8:46  Marine  
  47  8:58  Marine  
  40  9:04  Marine  
  35  9:11  Siege Tank  
  35  9:16  Marine  
  34  9:34  Banshee  
  35  9:49  Hi-Sec Auto Tracking  
  32  10:08  Hyperflight Rotors  
  29  10:16  Banshee  
  28  10:27  Terran Vehicle And Ship Armor Level 1  
  28  10:39  Barracks  
  28  10:45  Terran Infantry Weapons Level 2  
  28  10:59  Banshee  
  31  11:11  Weapon Refit  
  31  11:26  Barracks, SCV  
  31  11:31  Barracks Tech Lab  
  32  11:38  SCV  
  33  11:40  Factory  
  33  11:42  Banshee  
  36  11:50  SCV  
  37  12:02  SCV  
  38  12:09  Cloaking Field  
  38  12:14  SCV  
  39  12:25  Viking, Missile Turret  
Tags
 
Add a new tag
Caveats
  • Supply blocks, unpowered buildings, or Contaminate may cause inaccurate times.
  • Supply counts are checked every 10 seconds.